Map: Eternal Empire LE

Players

Namshar

  • Race: Zerg Zerg
  • League: Master
  • Spawn Location: 1:00

Astrea - Winner!

  • Race: Protoss Protoss
  • Spawn Location: 7:00

Event: DreamHack SC2 Masters 2020 Summer North America

VOD

Have the link to the VOD?

Description

Time

  • Played on: July 4, 2020, 4:45 p.m.
  • Length: 5:05

All games in this series

Show
View Real Time Build Order
Export as new Build Order

Namshar Zerg 

Build Orders: Pool First 

Get SALT Encoding   

  12  0:17  Spawning Pool  
  11  0:22  Drone  
  11  0:27  Drone  
  13  0:31  Drone  
  14  0:41  Overlord  
  14  1:03  Zergling x4  
  16  1:05  Zergling x2  
  17  1:15  Zergling x2  
  18  1:25  Hatchery  
  17  1:26  Zergling x2  
  18  1:37  Zergling x2  
  19  1:56  Hatchery  
  19  2:01  Zergling x2  
  19  2:04  Zergling x2  
  21  2:15  Zergling x2  
  21  2:20  Zergling x2  
  21  2:37  Zergling x4  
  21  2:43  Zergling x2  
  24  2:48  Zergling x2  
  24  2:55  Zergling x2  
  24  3:03  Zergling x4  
  25  3:08  Zergling x2  
  25  3:12  Zergling x2  
  26  3:13  Queen  
  26  3:19  Zergling x4  
  29  3:25  Zergling x4  
  30  3:31  Zergling x2  
  26  3:43  Zergling x2  
  25  3:53  Zergling x4  
  25  3:54  Zergling x6  
  23  4:19  Zergling x12  
  23  4:23  Zergling x2  
  26  4:28  Zergling x2  
  25  4:34  Zergling x2  
  25  4:37  Zergling x2  
  26  4:47  Zergling x2  
Show
View Real Time Build Order
Export as new Build Order

Astrea Protoss - Winner!

Build Orders: 1 Gate Expand 

Get SALT Encoding   

  12  0:00  Probe  
  13  0:13  Probe  
  14  0:17  Pylon  
  14  0:25  Probe  
  14  0:28  Assimilator  
  15  0:34  Probe  
  16  0:43  Probe  
  16  0:45  Gateway  
  17  0:51  Probe  
  18  1:03  Probe  
  19  1:16  Probe  
  20  1:23  Nexus  
  20  1:33  Cybernetics Core  
  20  1:36  Probe  
  21  1:40  Zealot  
  21  1:41  Assimilator  
  21  1:53  Pylon  
  23  2:00  Pylon  
  23  2:03  Adept  
  23  2:10  Shield Battery  
  25  2:31  Adept  
  23  2:41  Warp Gate  
  23  2:56  Adept  
  25  3:10  Gateway  
  25  3:32  Shield Battery  
  25  3:44  Adept  
  27  3:53  Gateway  
  27  4:11  Pylon  
  22  4:31  Adept  
  22  4:33  Probe  
  25  4:44  Gateway  
  25  4:51  Adept  
  28  5:02  Pylon  
Tags
 
Add a new tag
Caveats
  • Supply blocks, unpowered buildings, or Contaminate may cause inaccurate times.
  • Supply counts are checked every 10 seconds.